 Dungeon Crawl Stone Soup version 0.27-a0-1193-g8631133539 (webtiles) character file.

Game seed: 12354505295228577722

19 EnegeticOcto the Magician (level 2, 0/21 HPs)
             Began as a Djinni Venom Mage on May 25, 2021.
             Slain by a jackal (2 damage)
             ... on level 4 of the Dungeon.
             The game lasted 00:02:06 (270 turns).

EnegeticOcto the Magician (Djinni Venom Mage)        Turns: 270, Time: 00:02:07

Health: 0/21       AC:  2    Str:  7    XL:     2   Next: 95%
Gold:   17         EV: 12    Int: 16    God:
                   SH:  0    Dex: 13

rFire    + + .     SeeInvis .   b - +0 dagger
rCold    x . .     Faith    .   (no shield)
rNeg     . . .     Spirit   .   a - +0 robe
rPois    ∞         Reflect  .   (no helmet)
rElec    .         Harm     .   (no cloak)
rCorr    .         Rampage  .   (no gloves)
Will     .....                  (boots unavailable)
Stlth    ++........             (no amulet)
HPRegen  0.07/turn              (no ring)
MPRegen  0.00/turn              (no ring)

@: flying
A: sickness immunity, fire resistance 2, cold vulnerability 1, float, innate
caster, hp casting, extra vitality 1
a: no special abilities


You were on level 4 of the Dungeon.
You visited 1 branch of the dungeon, and saw 4 of its levels.

You collected 17 gold pieces.

Inventory:

Hand Weapons
 b - a +0 dagger (weapon)
   (You took it off a goblin on level 1 of the Dungeon)
Armour
 a - a +0 robe (worn)
Scrolls
 c - a scroll of amnesia {unknown}


   Skills:
 - Level 2.1 Dodging
 - Level 1.5 Stealth
 + Level 3.1 Spellcasting


You couldn't memorise any spells.
You knew the following spells:

 Your Spells              Type           Power      Damage    Failure   Level
a - Sting                 Tmut/Pois      48%        1d5       4%          1
b - Poisonous Vapours     Pois/Air       24%        N/A       8%          2
c - Mephitic Cloud        Conj/Pois/Air  12%        N/A       16%         3
d - Ignite Poison         Fire/Tmut/Pois 12%        N/A       16%         3
e - Olgreb's Toxic Radia  Pois           12%        N/A       45%         4
Your spell library was empty.

Dungeon Overview and Level Annotations

Branches:
Dungeon (4/15)
 Temple: D:4-7

Altars:

Shops:
D:3 (=


Innate Abilities, Weirdness & Mutations

You are immune to sickness and miasma.
You are immune to poison.
Your flesh is very heat resistant. (rF++)
You are vulnerable to cold. (rC-)
You float through the air rather than walking.
You learn spells naturally, not from books.
Your magical power is your life essence.
You have superior vitality. (+4 HP)


Message History

Things that are here:
a +0 club; a goblin corpse; an adder corpse You see here a +0 dagger.
You reach down and open the door.
Found a stone staircase leading down.
There is an open door here.
There is a stone staircase leading down here.
You fly downwards.
There is a stone staircase leading up here.
Found Fuozxe's Weapon Shoppe.
Found an escape hatch in the ceiling.
There is a stone staircase leading up here.
There is an escape hatch in the ceiling here.
There is an entrance to Fuozxe's Weapon Shoppe here.
There is an escape hatch in the ceiling here.
There is a stone staircase leading up here.
Found a scroll labelled NIBYIS UQED.
Found Biurch's Jewellery Boutique.
Found a stone staircase leading up.
c - a scroll labelled NIBYIS UQED
There is an entrance to Biurch's Jewellery Boutique here.
You can access your shopping list by pressing '$'.
Found a paperback book.
There is a stone staircase leading up here.
You fly upwards.
A gnoll comes into view. It is wielding a +0 whip.
There is a stone staircase leading down here.
You fly downwards.
There is a stone staircase leading up here.
Found a stone staircase leading down.
A ball python comes into view.
The ball python hisses angrily.
Casting: Sting (safe; 5% risk of failure)
Confirm with . or Enter, or press ? or * to list all spells.
Aiming: Sting (safe; 5% risk of failure)
Press: ? - help, Shift-Dir - straight line, f - ball python
Aim: a ball python (68% to hit)
You miscast Sting.
You are very lightly contaminated with residual magic.
Nothing appears to happen.
Casting: Sting (safe; 5% risk of failure)
Confirm with . or Enter, or press ? or * to list all spells.
Aiming: Sting (safe; 5% risk of failure)
Press: ? - help, Shift-Dir - straight line, f/p - ball python
Aim: a ball python (68% to hit)
The sting hits the ball python.
The ball python is poisoned.
The ball python is heavily wounded.
The ball python bites you but does no damage.
The ball python misses you. The ball python closely misses you.
The ball python barely misses you.
There is a stone staircase leading down here.
The ball python looks more healthy.
You hit the ball python but do no damage.
The ball python is severely wounded.
The ball python barely misses you. x2
Your magical contamination has completely faded away.
The ball python bites you. The ball python grabs you.
The ball python constricts you.
Casting: Sting (safe; 5% risk of failure)
Confirm with . or Enter, or press ? or * to list all spells.
Aiming: Sting (safe; 5% risk of failure)
Press: ? - help, Shift-Dir - straight line, f/p - ball python
Aim: a ball python (severely wounded, constricting you, 68% to hit)
The sting hits the ball python.
The ball python is poisoned.
You kill the ball python!
A jackal comes into view.
A jackal and a goblin come into view.
The jackal barks!
You hear a bark!
You hear a shout! x5
A jackal comes into view. 2 goblins come into view.
The goblin shouts!
A goblin comes into view. It is wielding a +0 club.
A hobgoblin comes into view.
The goblin moves out of view. x2
There is a stone staircase leading down here.
The jackal barely misses you. x2
You fly downwards.
You hear the sound of rushing water.
There is an entrance to a sewer on this level.
Hurry and find it before the portal rusts away!
An iguana and a hobgoblin come into view.
Found a scroll labelled CUUZEHYENO.
There is a stone staircase leading up here.
The helpless iguana fails to defend itself.
You hit the iguana.
The iguana is moderately wounded.
The jackal misses you. The iguana barely misses you.
Casting: Sting (safe; 4% risk of failure)
Confirm with . or Enter, or press ? or * to list all spells.
Aiming: Sting (safe; 4% risk of failure)
Press: ? - help, Shift-Dir - straight line, f - iguana
Aim: an iguana (moderately wounded, 75% to hit)
The sting hits the iguana but does no damage.
The iguana is poisoned.
The iguana is moderately wounded.
The hobgoblin shouts!
The jackal bites you but does no damage.
The iguana bites you.
* * * LOW HITPOINT WARNING * * *
The jackal misses you. The jackal bites you.
You die...

.... #..#
#......# ...
#......# #..
#......# ..#
#...g..##..#
#.?....#..#
#.........#
#.....hl#
#....@..#
##.....##
#.....#
#######


You could see an iguana (poisoned), a jackal and a hobgoblin.

Vanquished Creatures
  An adder (D:2)
  A ball python (D:3)
  An endoplasm (D:1)
  3 goblins
  A hobgoblin (D:1)
  A kobold (D:2)
  A frilled lizard (D:1)
9 creatures vanquished.

Notes
Turn   | Place    | Note
-------+----------+-------------------------------------------
     0 | D:1      | EnegeticOcto the Djinni Venom Mage began the quest for the
                  | Orb.
     0 | D:1      | Reached XP level 1. HP: 15/15 MP: 0/0
   145 | D:2      | Reached XP level 2. HP: 19/21 MP: 0/0
   150 | D:2      | Reached skill level 3 in Spellcasting
   189 | D:3      | Found Fuozxe's Weapon Shoppe.
   219 | D:3      | Found Biurch's Jewellery Boutique.
   270 | D:4      | Slain by a jackal

Illustrated notes

Levels and vault maps discovered:
D:1:      mrwooster_arrival_statue_3, layout_basic, basic_ecumenical_altar
D:2:      layout_basic
D:3:      layout_rooms, grunt_temple_overflow_diamond, serial_shops,
          nicolae_shop_competitors_out_of_business, shop, shop_fountains,
          nicolae_shop_stone, shop_statue, minmay_divided_ellipse, uniq_robin
D:4:      layout_cave_pods, gammafunk_temple_overflow_pools, ashenzari_altar_1,
          gup_sewer_entry_glass

Skill      XL: |  1  2 |
---------------+-------+-----
Spellcasting   | 3 |  3.1
Dodging        | |  2.1
Stealth        | |  1.5

Action                   || total
-------------------------++-------
Melee: Dagger            ||     3
 Cast: Sting             ||    14
       Poisonous Vapours ||     1
 Stab: Sleeping          ||     1
Armor: Robe              ||     2
Dodge: Dodged            ||    13

Table legend: (Time is in decaauts)
 A = Elapsed time spent in this place.
 B = Non-inter-level travel time spent in this place.
 C = Inter-level travel time spent in this place.
 D = Time resting spent in this place.
 E = Time spent auto-exploring this place.
 F = Levels seen in this place.
 G = Mean time per level.
                   A        B        C        D        E       F      G
               +--------+--------+--------+--------+--------+-----+--------+
         Total |    269 |    269 |      0 |      0 |      0 |   4 |   67.2 |
       Dungeon |    269 |    269 |      0 |      0 |      0 |   4 |   67.2 |
               +--------+--------+--------+--------+--------+-----+--------+

Top non-repeatable levels by time:
     D:2: 129 daAuts
     D:3: 79 daAuts
     D:1: 57 daAuts
     D:4: 3 daAuts
